Map: Central Protocol

Players

Gryphonheart - Winner!

  • Race: Protoss Protoss

juhyg

  • Race: Protoss Protoss

VOD

Have the link to the VOD?

Description

Time

  • Played on: Nov. 17, 2015, 12:35 a.m.
  • Length: 14:41
Show
View Real Time Build Order
Export as new Build Order

Gryphonheart Protoss - Winner!

Build Orders: Blink Stalkers 

Get SALT Encoding   

  12  0:01  Probe (Chrono Boost)  
  13  0:11  Probe (Chrono Boost)  
  14  0:18  Pylon  
  14  0:27  Probe (Chrono Boost)  
  15  0:37  Probe (Chrono Boost)  
  15  0:40  Gateway  
  16  0:48  Probe (Chrono Boost)  
  17  0:54  Assimilator  
  17  0:58  Probe (Chrono Boost)  
  18  1:09  Probe (Chrono Boost)  
  19  1:19  Pylon, Probe (Chrono Boost)  
  20  1:30  Probe (Chrono Boost)  
  20  1:32  Cybernetics Core  
  21  1:39  Assimilator  
  21  1:40  Probe (Chrono Boost)  
  21  1:46  Zealot (Chrono Boost)  
  24  2:13  Probe, Nexus  
  25  2:23  Warp Gate (Chrono Boost)  
  25  2:25  Mothership Core  
  27  2:39  Stalker  
  29  2:46  Probe  
  29  2:58  Probe  
  29  2:59  Pylon  
  30  3:06  Twilight Council  
  30  3:10  Probe  
  31  3:17  Stalker  
  33  3:23  Probe  
  34  3:28  Probe  
  35  3:35  Probe  
  35  3:39  Probe  
  37  3:42  Pylon  
  37  3:46  Pylon  
  37  3:49  Probe  
  37  3:50  Assimilator, Probe  
  39  3:55  Blink (Chrono Boost)  
  39  4:01  Probe  
  40  4:02  Probe  
  41  4:18  Robotics Facility  
  41  4:21  Probe x2  
  43  4:25  Gateway  
  43  4:33  Probe x2  
  45  4:46  Gateway  
  45  4:47  Gateway  
  43  5:13  Forge  
  43  5:15  Forge  
  43  5:27  Probe  
  43  5:28  Probe  
  41  5:40  Probe (Chrono Boost)  
  42  5:50  Probe (Chrono Boost)  
  43  5:57  Pylon  
  43  6:00  Pylon  
  43  6:01  Probe (Chrono Boost)  
  45  6:11  Probe x2 (Chrono Boost)  
  45  6:16  Assimilator  
  46  6:22  Probe (Chrono Boost)  
  46  6:23  Photon Cannon  
  46  6:24  Probe (Chrono Boost)  
  48  6:25  Photon Cannon  
  48  6:30  Photon Cannon  
  47  6:36  Probe (Chrono Boost)  
  48  6:48  Stalker, Photon Cannon  
  48  6:49  Stalker x3  
  48  6:50  Photon Cannon  
  48  6:52  Observer  
  57  7:04  Probe (Chrono Boost)  
  57  7:05  Robotics Facility  
  57  7:06  Probe (Chrono Boost)  
  57  7:07  Robotics Facility  
  59  7:08  Robotics Facility  
  59  7:27  Stalker x4  
  67  8:01  Probe (Chrono Boost)  
  67  8:03  Probe (Chrono Boost)  
  69  8:12  Stalker, Probe (Chrono Boost)  
  70  8:13  Stalker x3  
  70  8:15  Probe (Chrono Boost)  
  70  8:16  Nexus  
  79  8:23  Robotics Bay  
  79  8:36  Pylon  
  79  9:01  Zealot x4  
  87  9:04  Protoss Ground Weapons Level 1  
  87  9:05  Protoss Ground Armor Level 1  
  86  9:11  Charge  
  86  9:17  Extended Thermal Lance  
  86  9:44  Assimilator  
  84  9:55  Assimilator  
  84  10:04  Pylon  
  84  10:05  Pylon, Stalker x4  
  84  10:06  Pylon  
  92  10:17  Pylon  
  92  10:19  Pylon  
  92  10:20  Probe x2 (Chrono Boost)  
  95  10:22  Probe (Chrono Boost)  
  95  10:23  Pylon  
  95  10:30  Probe (Chrono Boost)  
  95  10:32  Stalker  
  95  10:33  Stalker x3  
  99  10:44  Photon Cannon  
  99  10:46  Photon Cannon  
  99  10:52  Photon Cannon  
  99  10:53  Photon Cannon  
  99  10:55  Resonating Glaives  
  99  10:57  Protoss Shields Level 1 (Chrono Boost)  
  99  10:58  Zealot  
  99  10:59  Zealot x3  
  107  11:07  Protoss Ground Weapons Level 2 (Chrono Boost)  
  107  11:10  Gateway  
  107  11:11  Gateway  
  107  11:14  Gateway  
  107  11:15  Gateway  
  107  11:23  Photon Cannon  
  107  12:04  Zealot x4  
  115  12:19  Robotics Facility  
  115  12:22  Stargate  
  115  12:23  Warp Prism (Chrono Boost), Protoss Ground Armor Level 2 (Chrono Boost)  
  115  12:24  Stargate  
  115  12:43  Zealot  
  115  12:44  Zealot x6  
  120  12:45  Zealot  
  125  13:01  Warp Prism (Chrono Boost)  
  79  13:25  Stalker x3  
  79  13:26  Stalker x2  
  87  13:27  Stalker x3  
  87  13:32  Observer (Chrono Boost)  
  92  13:51  Observer (Chrono Boost)  
  93  13:59  Nexus  
  93  14:00  Pylon  
  93  14:02  Pylon  
  93  14:05  Assimilator  
  93  14:36  Zealot  
  93  14:37  Zealot x3  
  101  14:38  Stalker  
Show
View Real Time Build Order
Export as new Build Order

juhyg Protoss 

Build Orders: Colossus Rush 

Get SALT Encoding   

  12  0:19  Pylon  
  12  0:26  Assimilator  
  12  0:38  Gateway  
  12  0:42  Probe (Chrono Boost)  
  13  0:52  Probe (Chrono Boost)  
  14  1:03  Probe (Chrono Boost)  
  15  1:13  Probe (Chrono Boost)  
  16  1:25  Cybernetics Core  
  16  1:29  Probe (Chrono Boost)  
  16  1:31  Zealot  
  19  1:38  Assimilator  
  19  1:39  Probe (Chrono Boost)  
  20  1:50  Probe (Chrono Boost)  
  21  2:04  Robotics Facility  
  21  2:05  Pylon  
  21  2:15  Probe (Chrono Boost)  
  22  2:18  Warp Gate (Chrono Boost)  
  22  2:23  Adept  
  22  2:26  Probe  
  25  2:38  Probe  
  26  2:53  Warp Prism  
  28  2:59  Robotics Bay  
  28  3:02  Pylon  
  28  3:29  Gateway  
  28  3:30  Gateway  
  28  3:33  Gateway  
  28  3:38  Pylon  
  28  3:46  Disruptor (Chrono Boost)  
  31  4:12  Adept  
  33  4:23  Colossus (Chrono Boost)  
  39  4:28  Stalker  
  41  4:36  Pylon  
  41  4:37  Pylon  
  41  5:11  Stalker x2  
  41  5:12  Stalker  
  47  5:14  Stalker  
  49  5:46  Stalker  
  49  5:47  Stalker x2  
  49  5:48  Stalker  
  57  5:58  Immortal (Chrono Boost)  
  61  6:40  Nexus  
  61  6:43  Assimilator  
  61  6:47  Pylon  
  61  6:48  Pylon  
  61  6:53  Probe  
  62  7:05  Probe  
  63  7:17  Probe  
  64  7:23  Stalker x2  
  64  7:29  Probe  
  69  7:42  Probe  
  70  7:59  Probe  
  70  8:00  Probe  
  72  8:09  Probe  
  72  8:11  Stalker x2  
  72  8:12  Probe  
  78  8:17  Extended Thermal Lance  
  78  8:19  Mothership Core  
  78  8:23  Adept  
  82  8:35  Stalker  
  82  8:38  Observer (Chrono Boost)  
  85  8:47  Stalker x3  
  85  8:48  Probe  
  91  8:49  Probe  
  93  8:57  Observer (Chrono Boost)  
  94  9:27  Pylon  
  94  9:28  Pylon  
  94  9:29  Pylon  
  94  9:30  Pylon  
  95  10:06  Colossus (Chrono Boost)  
  100  10:12  Adept x4  
  108  10:47  Stalker x4  
  116  10:52  Colossus (Chrono Boost)  
  122  11:23  Adept x2  
  126  11:32  Pylon  
  126  11:34  Pylon  
  126  11:35  Nexus  
  126  11:36  Pylon  
  126  11:37  Pylon  
  126  11:51  Immortal (Chrono Boost)  
  130  12:25  Immortal (Chrono Boost)  
  101  13:06  Stalker x4  
  101  13:10  Colossus (Chrono Boost)  
  59  13:30  Stalker  
  59  13:31  Stalker x3  
  63  14:07  Zealot x2  
  63  14:08  Zealot x2  
  69  14:28  Assimilator  
Tags
 
Add a new tag
Caveats
  • Supply blocks, unpowered buildings, or Contaminate may cause inaccurate times.
  • Supply counts are checked every 10 seconds.